Cogmind - Beta 11 @@@ ROGUE MODE // 2022.04.07 @ 10:51:21 Player: Wisp Result: Destroyed by G-34 Mercenary with Small Laser Performance ------------- Evolutions (0) 0 Regions Visited (2) 400 Robots Destroyed (4) 20 Value Destroyed (109) 109 Prototype IDs (1) 20 Alien Tech Used (0) 0 Bonus (0) 0 TOTAL SCORE: 549 Bonus ------- None Cogmind --------- Core Integrity 0/250 Matter 77/300 Energy 250/250 System Corruption 5% Temperature Cool (6) Movement Treading (160) Location -10/Mines Parts ------- > --- POWER (1) -------- Ion Engine > --- PROPULSION (2) --- Light Treads Light Treads > --- UTILITY (2) ------ Medium Storage Unit Experimental Sensor Array > --- WEAPON (2) ------- Light Assault Rifle > --- INVENTORY (10) --- Ion Engine Light Treads Aluminum Leg Aluminum Leg Compact Wheel Compact Wheel Small Storage Unit Huge Storage Unit Tractor Beam Peak State ------------ > --- POWER ------------ Ion Engine > --- PROPULSION ------- Light Treads Light Treads > --- UTILITY ---------- Medium Storage Unit Experimental Sensor Array > --- WEAPON ----------- Assault Rifle Rocket Launcher > --- INVENTORY -------- Ion Engine Light Treads Aluminum Leg Aluminum Leg Compact Wheel Compact Wheel Small Storage Unit Huge Storage Unit Tractor Beam Light Assault Rifle [Rating: 17] Favorites ----------- Power Ion Engine Engine Ion Engine Propulsion Light Treads Treads Light Treads Leg Aluminum Leg Utility Medium Storage Unit Device Experimental Sensor Array Storage Medium Storage Unit Weapon Light Assault Rifle Ballistic Gun Light Assault Rifle Launcher Rocket Launcher Build | -11 -10 -10 ------- Run | Scr Mat Min Slots Evolved . | . . . Power . | . . . Propulsion . | . . . Utility . | . . . Weapon . | . . . Parts Attached 14 | 6 5 3 Power 1 | 1 . . Engine 1 | 1 . . Core . | . . . Reactor . | . . . Propulsion 4 | 2 2 . Treads 2 | . 2 . Leg 2 | 2 . . Wheel . | . . . Hover . | . . . Flight . | . . . Utility 5 | 1 3 1 Device 2 | . 1 1 Storage 3 | 1 2 . Processor . | . . . Hackware . | . . . Protection . | . . . Artifact . | . . . Weapon 4 | 2 . 2 Energy Gun . | . . . Energy Cannon . | . . . Ballistic Gun 3 | 2 . 1 Ballistic Cannon . | . . . Launcher 1 | . . 1 Special Weapon . | . . . Impact Weapon . | . . . Slashing Weapon . | . . . Piercing Weapon . | . . . Special Melee Weapon . | . . . Unidentified Prototypes 1 | . . 1 Parts Lost 2 | . . 2 Power . | . . . Propulsion . | . . . Utility . | . . . Weapon 2 | . . 2 Highest Loss Streak 1 | . . 1 To Critical Strikes . | . . . Average Slot Usage (%) 97 | . 99 94 Engine 14 | . 14 14 Treads 27 | . 27 28 Device 13 | . 12 14 Storage 14 | . 14 14 Ballistic Gun 21 | . 28 14 Launcher 4 | . . 8 Naked Turns . | . . . Heaviest Build 93 | 13 93 22 Greatest Support 40 | 20 40 40 Greatest Overweight (x) 2 | 1 2 . Average Overweight (x) . | . 1 . Largest Inventory Capacity 25 | 8 25 10 Average Capacity 15 | 7 22 10 Most Carried 10 | 8 10 10 Average Carried 8 | 3 9 9 Final Capacity 10 | 8 10 10 Final Carried 10 | 8 10 9 Class Distribution -------------------- 100% | Mutant Dominant Class ---------------- Mutant | -10/Materials Mutant | -10/Mines Resources | -11 -10 -10 ----------- Run | Scr Mat Min Matter Collected 404 | 272 127 5 Remotely 127 | . 127 . Salvage Created 217 | 85 127 5 Parts 11 | 2 9 . Haulers Intercepted 1 | . 1 . Recyclers Shooed . | . . . Parts Field Recycled . | . . . Retrieved Matter . | . . . Parts Self-Destructed . | . . . Prevented . | . . . Kills | -11 -10 -10 ------- Run | Scr Mat Min Combat Hostiles Destroyed 3 | . 2 1 Guns 3 | . 2 1 Classes Destroyed 4 | 1 2 1 Hauler 1 | . 1 . Recycler 1 | 1 . . Grunt 2 | . 2 . Assembled 1 | . . 1 Best Kill Streak 3 | 1 3 1 Combat Bots Only 2 | . 2 1 Max Kills in Single Turn 1 | 1 1 1 Gunslinging . | . . . Exploded . | . . . Melee . | . . . Uniques/NPCs Destroyed . | . . . Combat | -11 -10 -10 -------- Run | Scr Mat Min Damage Taken 785 | . 272 513 Core 250 | . 127 123 Absorbed by Shields . | . . . Core Remaining (%) 100 | 100 . . Volleys Fired 43 | 3 18 22 Largest 2 | 2 2 2 Hottest 53 | 40 40 53 Shots Fired 76 | 6 36 34 Gun 63 | 6 36 21 Cannon . | . . . Launcher 13 | . . 13 Special . | . . . Kinetic 63 | 6 36 21 Thermal . | . . . Explosive 13 | . . 13 Electromagnetic . | . . . Robot Hit Streak 5 | 2 4 5 Robot Miss Streak 2 | 2 1 1 Penetration Max . | . . . Secondary Targets 1 | . 1 . Max Gunslinging Chain 1 | . 1 . Shots Hit Robots 26 | 3 15 8 Core Hits 14 | 3 7 4 Critical Kills . | . . . Critical Parts Destroyed . | . . . Critical Strikes . | . . . Melee Attacks . | . . . Impact . | . . . Slashing . | . . . Piercing . | . . . Sneak Attacks . | . . . Combat Hostiles . | . . . Follow-up Attacks . | . . . Damage Inflicted 327 | 38 212 77 Guns 235 | 31 140 64 Cannons . | . . . Explosions 80 | . 72 8 Melee . | . . . Ramming 12 | 7 . 5 Kinetic 235 | 31 140 64 Thermal 72 | . 72 . Explosive 8 | . . 8 Electromagnetic . | . . . Impact . | . . . Slashing . | . . . Piercing . | . . . Highest Corruption 5 | . 1 5 Average Corruption 2 | . 1 3 Corruption Purged . | . . . Corruption Blocked . | . . . Effects 10 | . 3 7 Message Errors 2 | . . 2 Matter Fused 4 | . 2 2 Heat Flow Errors 1 | . . 1 Data Loss (minor) 1 | . . 1 Data Loss (major) 1 | . 1 . Misfires 1 | . . 1 Overload Shots . | . . . Overflow Damage 1 | . . 1 Projectiles . | . . . Explosions 1 | . . 1 Melee . | . . . Knockbacks 1 | 1 . . Impact 1 | 1 . . Kinetic . | . . . Secondary . | . . . Self-Inflicted Damage 280 | . 114 166 Shots 8 | . 1 7 Rammed 2 | . . 2 Targets Rammed 3 | 1 . 2 Kicked 1 | 1 . . Crushed . | . . . Highest Temperature 230 | . 9 230 Average Temperature 64 | . 6 89 Received Heat Transfer 120 | . 90 30 Siege Activations . | . . . Robots Corrupted . | . . . Combat Hostiles . | . . . Parts Fried . | . . . Impact Corruptions . | . . . Robots Melted . | . . . Combat Hostiles . | . . . Parts Melted . | . . . Heat Transferred 50 | . 50 . Parts Sabotaged . | . . . Parts Stolen . | . . . Parts Stripped . | . . . Power Chain Reactions . | . . . Missiles Intercepted . | . . . Alert | -11 -10 -10 ------- Run | Scr Mat Min Peak Influence 174 | 5 174 108 Initial 67 | . 3 67 Average 47 | . 32 72 Maximum Alert Level . | . . . Low Security (%) 100 | 100 100 100 Level 1 . | . . . Level 2 . | . . . Level 3 . | . . . Level 4 . | . . . Level 5 . | . . . High Security . | . . . Max Security . | . . . Squads Dispatched 2 | . 2 . Investigation . | . . . Extermination . | . . . Reinforcement 2 | . 2 . Assault . | . . . Garrison . | . . . Intercept . | . . . Searches Triggered . | . . . Construction Impeded . | . . . Haulers Reinforced . | . . . Active Scanning Responses . | . . . Cargo Convoy Interrupts . | . . . Stealth | -11 -10 -10 --------- Run | Scr Mat Min Distress Signals 1 | . 1 . Communications Jammed . | . . . Distress Signals . | . . . Times Spotted 10 | . 7 3 Peak Tracking Total 5 | . 5 2 Tactical Retreats . | . . . Traps | -11 -10 -10 ------- Run | Scr Mat Min Traps Triggered 1 | . 1 . Indirectly . | . . . Trap Hack Attempts . | . . . Triggered . | . . . Disarmed . | . . . Reprogrammed . | . . . Reused . | . . . Traps Extracted . | . . . Installed . | . . . Triggered . | . . . Machines | -11 -10 -10 ---------- Run | Scr Mat Min Machines Disabled 2 | . 2 . Max in Single Turn 1 | . 1 . Machines Sabotaged . | . . . Garrisons Compromised . | . . . Overloaded Fab Kills . | . . . Hacking | -11 -10 -10 --------- Run | Scr Mat Min Machines Accessed 1 | . 1 . Terminals . | . . . Fabricators . | . . . Repair Stations . | . . . Recycling Units 1 | . 1 . Scanalyzers . | . . . Garrison Access . | . . . Total Hacks 3 | . 3 . Successful 1 | . 1 . Failed 2 | . 2 . Catastrophic . | . . . Database Lockouts . | . . . Manual . | . . . Terminals . | . . . Fabricators . | . . . Repair Stations . | . . . Recycling Units 3 | . 3 . Scanalyzers . | . . . Garrison Access . | . . . Terminal Hacks . | . . . Fabricator Hacks . | . . . Repair Station Hacks . | . . . Recycling Unit Hacks 1 | . 1 . Report Inventory 1 | . 1 . Scanalyzer . | . . . Garrison Access Hacks . | . . . Unauthorized Hacks . | . . . Terminals . | . . . Fabricators . | . . . Repair Stations . | . . . Recycling Units . | . . . Scanalyzers . | . . . Garrison Access . | . . . Data Cores Recovered . | . . . Used . | . . . Hacking Detections 1 | . 1 . Full Trace Events . | . . . Feedback Events . | . . . Feedback Blocked . | . . . Robot Schematics Acquired . | . . . Robots Built . | . . . Authchips . | . . . Time . | . . . Total Robot Build Rating . | . . . Part Schematics Acquired . | . . . Parts Built . | . . . Authchips . | . . . Time . | . . . Total Part Build Rating . | . . . Parts Repaired . | . . . Time . | . . . Parts Recycled . | . . . Recycled Matter . | . . . Retrieved Matter . | . . . Retrieved Components . | . . . Parts Scanalyzed . | . . . Part Schematics Acquired . | . . . Parts Damaged . | . . . Bothacking | -11 -10 -10 ------------ Run | Scr Mat Min Used RIF Installer . | . . . Robots Hacked . | . . . Non-combat . | . . . Combat . | . . . Robot Hacks Applied . | . . . Relay Couplers Released . | . . . Fabnet Peak Effective % . | . . . Robots Rewired . | . . . Allies Hacked . | . . . Hacks Repelled . | . . . Allies | -11 -10 -10 -------- Run | Scr Mat Min Total Allies . | . . . Largest Group . | . . . Highest-Rated Group . | . . . Highest-Rated Ally . | . . . Total Orders . | . . . Ally Attacks . | . . . Total Damage . | . . . Kills . | . . . Allies Corrupted . | . . . Allies Melted . | . . . Intel | -11 -10 -10 ------- Run | Scr Mat Min Robot Analysis Total . | . . . Derelict Logs Recovered 2 | . . 2 Drone Launches . | . . . Drone Recoveries . | . . . Exploration | -11 -10 -10 ------------- Run | Scr Mat Min Turns Passed 1103 | 101 504 498 Spaces Moved 438 | 65 161 212 Core 6 | 6 . . Treads 365 | . 153 212 Legs 67 | 59 8 . Wheels . | . . . Hover . | . . . Flight . | . . . Fastest Speed 50 | 50 120 160 Average Speed 192 | 115 267 160 Slowest Speed 320 | 120 320 160 Overloaded Moves . | . . . Propulsion Burnouts . | . . . Robots Hopped . | . . . Cave-ins Triggered 1 | . . 1 Exploration Rate (%) 31 | 4 29 60 Regions Visited 2 Branch Regions 1 Pre-discovered Areas 1 | . . 1 Known Exits Taken . | . . . Unknown Exits Taken 2 | 1 1 . Scrap Searched . | . . . Spaces Dug 134 | . . 134 Terrain Destroyed 174 | . 37 137 Melee . | . . . Projectile . | . . . AOE 174 | . 37 137 Terrain Rammed . | . . . Walls Destroyed . | . . . Machines Disabled . | . . . Actions | -11 -10 -10 --------- Run | Scr Mat Min Total 622 | 82 201 339 Wait 110 | . 14 96 Move 436 | 65 160 211 Hop . | . . . Pick Up 13 | 8 3 2 Fast Attach 7 | 6 1 . Attach 2 | . 1 1 Detach . | . . . Swap 5 | . 3 2 Drop 3 | . 1 2 Fire 43 | 3 18 22 Melee . | . . . Ram . | . . . Kick . | . . . Crush 2 | . . 2 Escape Stasis 1 | . . 1 Rewire . | . . . Trap . | . . . Miscellaneous . | . . . Route ------- -11/Scrapyard -10/Materials -10/Mines History --------- Turn | Location | Event 5 | -11/Scrapyard | Discovered new exit (range 14) 102 | -11/Scrapyard | Entered Materials 315 | -10/Materials | Build established: Mutant 517 | -10/Materials | Core integrity fell below 50% 576 | -10/Materials | Discovered new exit (range 14) 606 | -10/Materials | Entered Mines 618 | -10/Mines | Found a damaged Exp. Sensor Array with a note attached 621 | -10/Mines | Found Prototype Device 622 | -10/Mines | Identified Exp. Sensor Array 656 | -10/Mines | Received a Rocket Launcher from a helpful Derelict 738 | -10/Mines | Crushed by falling debris 880 | -10/Mines | Learned location of Zion (-7) 944 | -10/Mines | Learned location of 1 exit from Materials 970 | -10/Mines | Excavation squad dispatched 970 | -10/Mines | A large section of the Mines collapsed 974 | -10/Mines | Core integrity fell below 20% 1104 | -10/Mines | Destroyed by G-34 Mercenary with Small Laser Last Messages --------------- 00792_ /TP>5Y>UK&%0 3 AL M,P9JZPHCVOPVEW|FH 00880_ Acquired derelict log, extracted data. World map updated: -7/Zion. 00924_ System corrupted: Heat flow error (+250). 00944_ Acquired derelict log, extracted data. Data stored: Materials exits (x1). 00957_ System corrupted: Matter fused (-9). 00970_ ALERT: Suspicious cave-in, suspected derelict activity in mines. Dispatching escorted excavation squad. 00973_ System corrupted: FCS attempts to trigger Rocket Launcher. 00973_ System corrupted: Rocket Launcher misfires. [Achievement: Maybe Next Time I'll Detach My Launcher] 00983_ as-09320 destroyed. 00985_ Acquired 5 matter. 00988_ Rocket Launcher destroyed. 00988_ Destroyed Rocket Launcher. 01001_ The unstable cave ceiling collapses. 01056_ System corrupted: Matter fused (-9). 01102_ Slammed into G-34 Mercenary. [Achievement: Achiever] Map ----- +----------------------------------------------------+ | ??????????????????# ??????# | | ?????????????????? ???????###?#### | | ?????????????????##??????????????? | | ?????????????????????????????????? | | ?????????????????????????????????? | | ?????????????????????????????????? | | ?????????????????????????????????? | | ?????????????????????????????????? | | ?????????????????????????????????? | | ?????????????????????????????????? | | ?????????????????????????????????? | | ?????????????????????????????????? | | ?????????????????????????????????? | | ?????????????????????????????????? | | ?????????????????????????????????? | | ?????????????????????????????????? | | ?????????????????????????????????? | | ?????????????????????????????????? | | ?????????????????????????????????? | | ???????#####?????????????????????? | | ???????# ??????????????????????? | | ???????# ??????????????????????? | | ???????# #??????????????????????? | | ???????# #??????????????????????? | | ???????#g #??????????????????????? | | ???????#t@#??????????????????????? | | ???????# g#??????????????????????? | | ???????# ##?###?????????????????? | | ?????### ## ##????????????????? | | ????## ## #????????????????? | | ????## # #????????????????? | | ????## ## #?????????????????? | | ????## # ##?????????????????? | | ?????# #####????????????????### | | ?????###### ##?????????????????# | | ??????## ###??????????????????# | | ???????# ##????????????????????# | | ???????# #?????????????????????# | | ???????# #?????????????????????# | | ????#### #?????????????????????# | | ????# #????????????????????## | | ????#?####????????????????##### | | ????# #???????????????????# | | ????# #??????????########## ### | | ????# #??????????# #?# | | ????# #??????????# #########?# | | ?#### ####???????# #?????????## | | ?# #???##### ######?????## | | ?# #???# #???????# | | ?# #???# #???????? | +----------------------------------------------------+ Best States ------------- Heat Dissipation 25 Energy Generation 10 Energy Capacity 250 Matter Stores 300 Matter Capacity 300 Sight Range 16 Robot Scan Range 20 Terrain Scan Density 10 Evasion (%) 55 Recoil Reduction 2 Item Schematics ----------------- None Robot Schematics ------------------ None Fabricated ------------ Nothing Alien Tech Used ----------------- None Achievements -------------- Achiever Maybe Next Time I'll Detach My Launcher Challenges ------------ None Game ------ Seed ThermicWeldingAmplifier Manual? 0 Play Time 00:09:29 Cumulative 34.9 hours Start 2022.04.07 @ 10:42:43 End 2022.04.07 @ 10:51:21 Sessions 1 Manual Loads 0 Difficulty Rogue Special Mode None Game No. 24 Rogue 24 Adventurer 0 Explorer 0 Win Type - Total 0 Types 0/0/0/0/0/0/0/0/0 Lore% 24 Gallery% 33 Achievement% 25 Wizard Run 0 Options --------- ASCII 0 Keyboard 0 Movement Numpad Keybinds 0 Fullscreen 1 Font 18/SmallcapsGlow Map View 76x50 Tactical HUD 1 Map Filters NONE Filters NONE Steam 1 RUN: 9f9d5c81-4d46-4b25-aeac-3ce5944fec93